 Dungeon Crawl Stone Soup version 0.27-a0-869-g165b36e3f0 (webtiles) character file.

Game seed: 2802375028090041573

54 Lanoc the Sneak (level 4, 0/35 HPs)
             Began as a Formicid Brigand on Apr 2, 2021.
             Slain by a worm (6 damage)
             ... on level 2 of the Dungeon.
             The game lasted 00:01:56 (1792 turns).

Lanoc the Sneak (Formicid Brigand)                  Turns: 1792, Time: 00:01:57

Health: 0/35       AC:  3    Str: 16    XL:     4   Next: 12%
Magic:  4/4        EV: 12    Int: 10    God:
Gold:   95         SH:  0    Dex: 13    Spells: 3/3 levels left

rFire    . . .     SeeInvis +   a - +2 dagger
rCold    . . .     Faith    .   (no shield)
rNeg     . . .     Spirit   .   b - +0 robe
rPois    .         Reflect  .   (helmet unavailable)
rElec    .         Harm     .   c - +0 cloak
rCorr    .         Rampage  .   (no gloves)
Will     .....                  (no boots)
Stlth    +++.......             (no amulet)
HPRegen  0.11/turn              (no ring)
MPRegen  0.09/turn              (no ring)

@: no status effects
A: permanent stasis, dig shafts and tunnels, antennae 3, four strong arms
a: Dig, Shaft Self


You were on level 2 of the Dungeon.
You visited 1 branch of the dungeon, and saw 2 of its levels.

You collected 95 gold pieces.

Inventory:

Hand Weapons
 a - a +2 dagger (weapon)
Missiles
 d - 22 poisoned darts (quivered)
 e - 2 curare-tipped darts
Armour
 b - a +0 robe (worn)
 c - a +0 cloak (worn)
Scrolls
 f - 3 scrolls of teleportation {unknown}
 j - a scroll of identify {unknown}
Potions
 g - a potion of ambrosia {unknown}
 h - a potion of curing {unknown}
 i - a potion of haste {unknown}


   Skills:
 + Level 3.1 Fighting
 - Level 2.0 Short Blades
 - Level 2.0 Throwing
 + Level 2.0 Dodging
 + Level 5.5 Stealth


You had 3 spell levels left.
You didn't know any spells.
Your spell library was empty.

Dungeon Overview and Level Annotations

Branches:
Dungeon (2/15)

Altars:
Yredelemnul


Innate Abilities, Weirdness & Mutations

You cannot be hasted, slowed, berserked, paralysed or teleported.
You can dig through walls and to a lower floor.
You have a pair of large antennae on your head. (SInv)
Your four strong arms can wield two-handed weapons with a shield.


Message History

You hit the worm.
The worm is heavily wounded.
The worm bites you.
You hit the worm.
The worm is heavily wounded.
You hit the worm but do no damage.
The worm is heavily wounded.
The worm bites you.
You hit the worm.
The worm is heavily wounded.
You hit the worm.
The worm is severely wounded.
The worm bites you!
You are too injured to fight recklessly!
You are too injured to fight recklessly!
You are too injured to fight recklessly!
You are too injured to fight recklessly!
You are too injured to fight recklessly!
You are too injured to fight recklessly!
You are too injured to fight recklessly!
You are too injured to fight recklessly!
You are too injured to fight recklessly!
You are too injured to fight recklessly!
You are too injured to fight recklessly!
You are too injured to fight recklessly!
You are too injured to fight recklessly!
You are too injured to fight recklessly!
You are too injured to fight recklessly!
You hit the worm.
The worm is severely wounded.
You hit the worm.
The worm is almost dead.
The worm bites you!
* * * LOW HITPOINT WARNING * * *
You hit the worm but do no damage.
The worm is almost dead.
You hit the worm but do no damage.
The worm is almost dead.
The worm bites you.
You die...

#....## #............#
#.#### #..........#.#
#.# #####..........#.#
#.# #.....#........# #
#.######.....#........#
#.##..................#
#.#..!........##
#.'...........).
###.....@....(#
#.....[w##### #.......#
#.......## #.......#
#.......# #.......#
#.......# #.......#


You could see a worm.

Vanquished Creatures
  An adder (D:2)
  2 worms (D:2)
  A dart slug (D:2)
  A ball python (D:2)
  3 endoplasms
  5 goblins
  4 hobgoblins
  7 jackals
  2 quokkas
  A bat (D:2)
  A frilled lizard (D:1)
  4 kobolds
  A rat (D:2)
33 creatures vanquished.

Notes
Turn   | Place    | Note
-------+----------+-------------------------------------------
     0 | D:1      | Lanoc the Formicid Brigand began the quest for the Orb.
     0 | D:1      | Reached XP level 1. HP: 16/16 MP: 1/1
    22 | D:1      | Reached skill level 1 in Dodging
    36 | D:1      | Reached skill level 5 in Stealth
    40 | D:1      | Reached XP level 2. HP: 10/23 MP: 2/2
   882 | D:2      | Reached XP level 3. HP: 28/28 MP: 3/3
  1123 | D:2      | Found a basalt altar of Yredelemnul.
  1759 | D:2      | Reached XP level 4. HP: 26/35 MP: 4/4
  1792 | D:2      | Slain by a worm

Illustrated notes

Levels and vault maps discovered:
D:1:      lightli_arrival_quake, layout_rooms, serial_rivers,
          chequers_serial_rivers_micro_b, chequers_serial_rivers_micro_c,
          chequers_serial_rivers_large_a, chequers_serial_rivers_marsh,
          chequers_serial_rivers_marsh
D:2:      layout_basic, basic_altar, chequers_decorated_corner,
          serial_bayou_crossing

Skill      XL: |  1  2  3 |
---------------+----------+-----
Dodging        | 1 2 |  2.0
Stealth        | 5 |  5.5
Fighting       | 3 |  3.1
Short Blades   | |  2.0
Throwing       | |  2.0

Action                   |  1- 3 |  4- 6 || total
-------------------------+-------+-------++-------
Melee: Dagger            |   134 |    13 ||   147
 Stab: Sleeping          |     8 |       ||     8
Armor: Robe              |    22 |       ||    22
Dodge: Dodged            |    68 |     2 ||    70

Table legend: (Time is in decaauts)
 A = Elapsed time spent in this place.
 B = Non-inter-level travel time spent in this place.
 C = Inter-level travel time spent in this place.
 D = Time resting spent in this place.
 E = Time spent auto-exploring this place.
 F = Levels seen in this place.
 G = Mean time per level.
                   A        B        C        D        E       F      G
               +--------+--------+--------+--------+--------+-----+--------+
         Total |   1799 |   1766 |     33 |    146 |   1323 |   2 |  899.5 |
       Dungeon |   1799 |   1766 |     33 |    146 |   1323 |   2 |  899.5 |
               +--------+--------+--------+--------+--------+-----+--------+

Top non-repeatable levels by time:
     D:2: 915 daAuts
     D:1: 884 daAuts
